AoeStats
← nikikiker

Arena

509339444Analyzed
4v4 RM · 6d ago on Sep 26, 2026· 40m 45s· 8 players
Game mode
Random Map
Map size
Large (8 player)
Population
200
Speed
Normal
Resources
Standard
Victory
Conquest
Starting age
Dark Age
Ending age
Imperial Age
RankedLock teamsTeams togetherTeam positionsShared explorationLock speedFull tech treeHidden civsTurbo modeCheats
Victory
Defeat
🇨🇭 Bulgarians · Switzerland
1333
+13
🇷🇺 Portuguese · Russia
1310
+14
🇭🇰 Byzantines · Hong Kong SAR China
1184
+19
🇫🇷 Lithuanians · France
1168
+19
🇨🇿 Saxons · Czechia
1260
-17
🇦🇷 Vietnamese · Argentina
1252
-16
🇺🇦 Bohemians · Ukraine
1245
-16
🇳🇱 Burgundians · Netherlands
1244
-16
heavensent
11:22 Feudal Age
12:48 Double-Bit Axe
15:32 Castle Age
13:21 Horse Collar
16:46 Wheelbarrow
16:44 Bow Saw
16:37 Heavy Plow
20:33 Gold Mining
25:00 Hand Cart
28:50 Imperial Age
26:08 Loom
26:12 Town Watch
26:21 Fletching
26:37 Scale Barding Armor
26:34 Treadmill Crane
27:53 Stone Mining
28:52 Bloodlines
29:06 Chain Barding Armor
28:23 Elite Skirmisher
30:49 Chemistry
29:42 Imperial Skirmisher
30:27 Thumb Ring
32:04 Two-Man Saw
31:42 Stone Shaft Mining
33:14 Plate Barding Armor
32:35 Bodkin Arrow
32:53 Husbandry
33:31 Elite Battle Elephant
34:36 Forging
34:54 Bracer
35:29 Chatras
35:57 Padded Archer Armor
39:35 Iron Casting
39:15 Leather Archer Armor
Zelda
11:11 Feudal Age
15:50 Castle Age
14:19 Double-Bit Axe
15:10 Loom
15:12 Horse Collar
17:06 Bow Saw
21:01 Wheelbarrow
22:37 Hand Cart
29:20 Imperial Age
27:24 Arson
27:41 Squires
28:14 Scale Mail Armor
28:24 Forging
29:18 Chain Mail Armor
31:58 Plate Mail Armor
32:26 Iron Casting
32:36 Elite Varangian Guard
34:47 Heavy Plow
35:10 Shield Wall
36:13 Conscription
El Tornado
3:23 Double-Bit Axe
9:11 Horse Collar
11:36 Feudal Age
15:07 Castle Age
13:35 Bow Saw
13:34 Heavy Plow
16:10 Scale Barding Armor
22:00 Cavalier
23:04 Forging
25:09 Loom
27:42 Coinage
28:53 Wheelbarrow
29:17 Chain Barding Armor
29:33 Iron Casting
33:49 Imperial Age
31:34 Hand Cart
31:32 Husbandry
34:14 Two-Man Saw
34:00 Crop Rotation
34:08 Paladin
38:05 Plate Barding Armor
38:30 Blast Furnace
nikikiker
11:06 Feudal Age
15:02 Castle Age
13:12 Double-Bit Axe
13:40 Horse Collar
14:55 Padded Archer Armor
15:01 Fletching
15:40 Loom
19:02 Chemistry
32:25 Bow Saw
34:54 Town Watch
36:38 Leather Archer Armor
iceredtea256
8:56 Loom
10:50 Feudal Age
12:02 Loom
14:59 Castle Age
12:48 Double-Bit Axe
13:25 Horse Collar
17:06 Heavy Plow
17:20 Bow Saw
21:44 Wheelbarrow
21:14 Gold Mining
25:09 Hand Cart
28:16 Imperial Age
26:26 Scale Barding Armor
26:33 Forging
27:39 Chain Barding Armor
28:16 Stone Mining
29:06 Iron Casting
29:37 Plate Barding Armor
29:58 Conscription
29:51 Fletching
31:03 Elite Cataphract
32:02 Scale Mail Armor
32:04 Pikeman
32:45 Squires
32:31 Gambesons
33:03 Chain Mail Armor
33:20 Halberdier
34:40 Arson
35:59 Plate Mail Armor
39:08 Bodkin Arrow
39:29 Logistica
KKUSH-PANIER
10:08 Feudal Age
10:39 Double-Bit Axe
16:12 Castle Age
17:15 Bow Saw
17:11 Horse Collar
20:22 Loom
22:29 Wheelbarrow
23:06 Heavy Plow
25:21 Stone Mining
25:24 Gold Mining
25:52 Town Watch
26:23 Hand Cart
27:28 Forging
27:24 Scale Barding Armor
30:20 Imperial Age
29:03 Iron Casting
29:16 Husbandry
29:27 Bloodlines
29:43 Chain Barding Armor
31:34 Conscription
31:54 Plate Barding Armor
31:21 Elite Leitis
34:11 Capped Ram
35:48 Crop Rotation
GLOBAL ELITE
9:08 Feudal Age
14:03 Castle Age
12:38 Double-Bit Axe
16:23 Loom
18:22 Bow Saw
22:51 Fletching
27:15 Imperial Age
24:45 Horse Collar
25:17 Gold Mining
26:37 Wheelbarrow
26:28 Town Watch
26:47 Stone Mining
29:35 Chemistry
29:23 Conscription
31:34 Guilds
31:50 Treadmill Crane
32:20 Bodkin Arrow
32:26 Murder Holes
33:54 Arquebus
34:04 Thumb Ring
34:19 Padded Archer Armor
34:59 Bracer
35:49 Masonry
36:48 Leather Archer Armor
37:30 Ring Archer Armor
39:39 Bloodlines
39:29 Husbandry
41:18 Fortified Wall
Reis
10:14 Feudal Age
14:12 Castle Age
13:04 Loom
15:42 Fletching
15:58 Scale Barding Armor
20:33 Bodkin Arrow
22:11 Forging
26:43 Double-Bit Axe
30:46 Horse Collar
32:58 Wheelbarrow
33:47 Heavy Plow
40:47 Imperial Age
38:33 Gold Mining
38:34 Stone Mining
39:27 Bow Saw
41:10 Hand Cart
Connection lost

Rejoining the realm…

Still unreachable

The connection could not be restored.

Session expired

The server has moved on; the page needs a fresh start.